 Dungeon Crawl Stone Soup version 0.29-a0-330-g52719c12eb (webtiles) character file.

Game seed: 16177636017871669888

2123 DuloT34 the Fighter (level 9, -5/71 HPs)
             Began as a Djinni Fire Elementalist on May 12, 2022.
             Shot with an arrow by a centaur (9 damage)
             ... on level 6 of the Dungeon.
             The game lasted 00:17:26 (9802 turns).

DuloT34 the Fighter (Djinni Fire Elementalist)      Turns: 9802, Time: 00:17:27

Health: -5/71      AC:  8    Str:  7    XL:     9   Next: 54%
Gold:   189        EV: 11    Int: 23    God:
                   SH:  0    Dex: 14

rFire   + + .      SeeInvis .   l - +1 whip (flame)
rCold   x . .      Faith    .   (no shield)
rNeg    . . .      Spirit   .   s - +3 leather armour "Earthly Heaven" {rCorr Int+2}
rPois   ∞          Reflect  .   e - +2 hat
rElec   .          Harm     .   (no cloak)
rCorr   +          Rampage  .   (no gloves)
Will    .....                   (boots unavailable)
Stlth   ++........              (no amulet)
HPRegen 0.21/turn               g - ring of resist corrosion
MPRegen 0.00/turn               (no ring)

@: flying, very slightly contaminated
A: sickness immunity, fire resistance 2, cold vulnerability 1, float, innate
caster, HP casting, extra vitality 1
a: no special abilities


You were on level 6 of the Dungeon.
You visited 1 branch of the dungeon, and saw 6 of its levels.

You collected 189 gold pieces.

Inventory:

Hand Weapons
 l - a +1 whip of flaming (weapon)
Missiles
 q - 2 throwing nets
Armour
 a - a +2 robe
 e - a +2 hat (worn)
 s - the +3 leather armour "Earthly Heaven" (worn) {rCorr Int+2}
   (You found it on level 5 of the Dungeon)

   Int:       It affects your intelligence (+2).
   rCorr:     It protects you from acid and corrosion.
Jewellery
 g - a ring of resist corrosion (left hand)
Wands
 o - a wand of polymorph (14)
Scrolls
 c - 3 scrolls of identify {unknown}
 h - 2 scrolls of teleportation
 n - 4 scrolls of noise {unknown}
 r - a scroll of vulnerability {unknown}
Potions
 b - 2 potions of mutation {unknown}
 d - a potion of cancellation {unknown}
 f - 3 potions of curing {unknown}
 i - a potion of lignification {unknown}
 j - a potion of flight {unknown}
 k - a potion of might {unknown}
 m - 2 potions of degeneration {unknown}
 p - a potion of heal wounds {unknown}


   Skills:
 + Level 8.4 Fighting
 + Level 1.5 Armour
 - Level 2.1 Dodging
 - Level 1.5 Stealth
 - Level 6.8 Spellcasting


You couldn't memorise any spells.
You knew the following spells:

 Your Spells              Type           Power      Damage    Failure   Level
a - Foxfire               Conj/Fire      100%       2x1d9     1%          1
b - Scorch                Fire           78%        2d8       1%          2
c - Conjure Flame         Conj/Fire      39%        6-21      1%          3
d - Inner Flame           Hex/Fire       39%        N/A       1%          3
e - Flame Wave            Conj/Fire      39%        2d9       7%          4
f - Summon Small Mammal   Summ           100%       N/A       1%          1
g - Corpse Rot            Necr/Air       78%        N/A       1%          2
h - Lesser Beckoning      Tloc           39%        N/A       1%          3
i - Hailstorm             Conj/Ice       39%        3d9       7%          4
Your spell library was empty.

Dungeon Overview and Level Annotations

Branches:
Dungeon (6/15)
 Temple: D:4-7

Altars:
Dithmenos
Fedhas
Okawaru

Annotations:
D:3 2 transporters, kobe's ghost, amateur OgAr
D:6 Crownlay's ghost, novice HOFi


Innate Abilities, Weirdness & Mutations

You are immune to sickness and miasma.
You are immune to poison.
Your flesh is very heat resistant. (rF++)
You are vulnerable to cold. (rC-)
You float through the air rather than walking.
You learn spells naturally, not from books.
Your magical power is your life essence.
You have superior vitality. (+4 MHP)


Message History

Crownlay's ghost is moderately damaged.
The foxfire hits Crownlay's ghost.
Crownlay's ghost is moderately damaged.
Crownlay's ghost hits you.
Casting: Foxfire (safe; 1% risk of failure)
Confirm with . or Enter, or press ? or * to list all spells.
You miscast Foxfire.
You are very lightly contaminated with residual magic.
Nothing appears to happen.
The foxfire hits Crownlay's ghost but does no damage.
Crownlay's ghost is moderately damaged.
The foxfire hits Crownlay's ghost.
Crownlay's ghost is moderately damaged.
Crownlay's ghost hits you!
* * * LOW HITPOINT WARNING * * *
x2
As you read the scroll of teleportation, it crumbles to dust.
You feel strangely unstable. Crownlay's ghost hits you.
* * * LOW HITPOINT WARNING * * *
x2
Casting: Foxfire (safe; 1% risk of failure)
Confirm with . or Enter, or press ? or * to list all spells.
Aiming: Lesser Beckoning (safe; 1% risk of failure)
Press: ? - help, Shift-Dir - straight line, p - Crownlay's ghost Nothing appears to happen.
* * * LOW HITPOINT WARNING * * *
Crownlay's ghost barely misses you.
Your surroundings suddenly seem different.
A scorpion, an iguana and a centaur come into view.
Found a scroll labelled LISTRO KODIRA.
The iguana hisses angrily.
The centaur shouts!
The scorpion barely misses you.
The centaur unwields a +0 short sword.
The centaur wields a +0 shortbow.
The centaur shoots an arrow.
The arrow barely misses you. The scorpion closely misses you.
The centaur shoots an arrow.
The arrow completely misses you.
The scorpion stings you but does no damage.
The iguana closely misses you. The iguana attacks as you move away!
The iguana closely misses you. The scorpion stings you.
* * * LOW HITPOINT WARNING * * *
The centaur shoots an arrow.
The arrow hits you!
You die...

##### #...#
#...#######
#...#......
#######..........
..............c..
......?@.........
####...#sl.##.###
#...#...#
#...#.....
#...#.......
########.....
..... .....


You could see a centaur, a scorpion and an iguana.

Vanquished Creatures
  Pikel (D:4)
  Sigmund (D:2)
  Eustachio (D:4)
  Edmund (D:4)
  A water moccasin (D:6)
  An ice beast (D:5)
  A sky beast (D:4)
  A black bear (D:4)
  An ogre (D:5)
  3 lemures
  2 phantoms (D:5)
  2 necrophages
  2 scorpions
  2 hounds (D:4)
  Jessica (D:2)
  2 iguanas
  An orc wizard (D:5)
  5 gnolls
  9 adders
  A shadow imp (D:6)
  A worm (D:2)
  3 dart slugs
  8 orcs
  4 endoplasms
  7 giant cockroaches
  6 goblins
  3 hobgoblins
  4 jackals (D:2)
  11 kobolds
  2 quokkas
  12 ball pythons
  4 bats
  7 rats
111 creatures vanquished.

Vanquished Creatures (collateral kills)
  4 foxfires
4 creatures vanquished.

Vanquished Creatures (others)
  640 foxfires
  10 plants (D:2)
650 creatures vanquished.

Grand Total: 765 creatures vanquished

Notes
Turn   | Place    | Note
-------+----------+-------------------------------------------
     0 | D:1      | DuloT34 the Djinni Fire Elementalist began the quest for
                  | the Orb.
     0 | D:1      | Reached XP level 1. HP: 15/15 MP: 0/0
   541 | D:1      | Reached skill level 1 in Fighting
   541 | D:1      | Reached XP level 2. HP: 4/22 MP: 0/0
  1982 | D:1      | Reached XP level 3. HP: 25/27 MP: 0/0
  1982 | D:1      | Learned a level 1 spell: Summon Small Mammal
  2014 | D:1      | Found a faded altar of an unknown god.
  2536 | D:2      | Reached skill level 2 in Fighting
  2654 | D:2      | Reached XP level 4. HP: 27/33 MP: 0/0
  2714 | D:2      | Noticed Sigmund
  2746 | D:2      | Killed Sigmund
  2747 | D:2      | Reached skill level 3 in Fighting
  2747 | D:2      | Reached XP level 5. HP: 16/41 MP: 0/0
  2747 | D:2      | Learned a level 2 spell: Corpse Rot
  2747 | D:2      | Reached XP level 6. HP: 18/47 MP: 0/0
  3226 | D:2      | Noticed Jessica
  3230 | D:2      | Killed Jessica
  3231 | D:2      | Reached skill level 4 in Fighting
  3258 | D:2      | Identified the +10 scale mail of the Ward {rF+ MP+9}
  4460 | D:3      | Found a transporter.
  4463 | D:3      | Found a transporter.
  4555 | D:3      | Noticed kobe's ghost (amateur OgAr)
  5260 | D:3      | Reached XP level 7. HP: 45/53 MP: 0/0
  5260 | D:3      | Learned a level 3 spell: Lesser Beckoning
  5532 | D:4      | Reached skill level 5 in Fighting
  5583 | D:4      | Noticed Pikel
  5586 | D:4      | Noticed Edmund
  6428 | D:4      | Noticed Eustachio
  6463 | D:4      | Killed Pikel
  6464 | D:4      | Reached skill level 6 in Fighting
  6464 | D:4      | Reached skill level 5 in Spellcasting
  6464 | D:4      | Reached XP level 8. HP: 48/62 MP: 0/0
  6601 | D:4      | Killed Eustachio
  6919 | D:4      | Reached skill level 7 in Fighting
  7084 | D:4      | Killed Edmund
  7085 | D:4      | Reached XP level 9. HP: 61/68 MP: 0/0
  7085 | D:4      | Learned a level 4 spell: Hailstorm
  7292 | D:4      | Found an iron altar of Okawaru.
  7359 | D:4      | Found a blossoming altar of Fedhas.
  7362 | D:4      | Found a shadowy altar of Dithmenos.
  7519 | D:5      | Entered Level 5 of the Dungeon
  8743 | D:5      | Reached skill level 8 in Fighting
  9061 | D:5      | Identified the +3 leather armour "Earthly Heaven" {rCorr
                  | Int+2}
  9528 | D:6      | Found a runed translucent door.
  9545 | D:6      | Reached skill level 1 in Armour
  9780 | D:6      | Noticed Crownlay's ghost (novice HOFi)
  9802 | D:6      | Shot with an arrow by a centaur

Illustrated notes

Levels and vault maps discovered:
D:1:      minmay_arrival_shattered_statue, layout_loops_cross,
          hellmonk_ecumenical_altar_leap_of_faith, serial_park_tiny_1
D:2:      layout_rooms, serial_bayou_lagoon_a, hangedman_decor_slide_cut,
          amcnicky_mini_corridor_feature, uniq_sigmund, uniq_jessica
D:3:      layout_loops_cross, gammafunk_ghost_arena
D:4:      layout_cave_pools, okawaru_altar_gauntlet_db,
          gammafunk_temple_overflow_statue, kennysheep_opposing_triangles,
          uniq_eustachio, uniq_edmund, uniq_pikel
D:5:      layout_loops_ring
D:6:      layout_basic, minmay_temple_entry_sparse_star,
          ebering_ghost_reflecting_pool, uniq_crazy_yiuf_cottage

Skill      XL: |  1  2  3  4  5  6  7  8  9 |
---------------+----------------------------+-----
Fighting       | 1 2 3 4 6 7 8 |  8.4
Spellcasting   | 3 4 5 6 |  6.8
Armour         | 1 |  1.5
Dodging        | |  2.1
Stealth        | |  1.5

Action                   |  1- 3 |  4- 6 |  7- 9 || total
-------------------------+-------+-------+-------++-------
Melee: Unarmed           |     3 |     4 |       ||     7
       Short sword       |       |       |     2 ||     2
       Whip              |       |       |     2 ||     2
 Cast: Foxfire           |    89 |   124 |   214 ||   427
       Summon Small Mamm |     1 |     2 |       ||     3
       Conjure Flame     |       |     2 |     6 ||     8
       Scorch            |       |       |     1 ||     1
       Lesser Beckoning  |       |       |     1 ||     1
  Use: Scroll            |     2 |     3 |     2 ||     7
Armor: Robe              |    10 |    14 |    19 ||    43
       Leather armour    |       |       |     7 ||     7
Dodge: Dodged            |    22 |    18 |    38 ||    78

Table legend: (Time is in decaauts)
 A = Elapsed time spent in this place.
 B = Non-inter-level travel time spent in this place.
 C = Inter-level travel time spent in this place.
 D = Time resting spent in this place.
 E = Time spent auto-exploring this place.
 F = Levels seen in this place.
 G = Mean time per level.
                   A        B        C        D        E       F      G
               +--------+--------+--------+--------+--------+-----+--------+
         Total |   9801 |   9598 |    203 |   4811 |   3726 |   6 | 1633.5 |
       Dungeon |   9801 |   9598 |    203 |   4811 |   3726 |   6 | 1633.5 |
               +--------+--------+--------+--------+--------+-----+--------+

Top non-repeatable levels by time:
     D:1: 2232 daAuts
     D:3: 1908 daAuts
     D:2: 1712 daAuts
     D:4: 1665 daAuts
     D:5: 1590 daAuts
     D:6: 691 daAuts
